 Dungeon Crawl Stone Soup version 0.26.1-2-gb8aa6d0cf2 (webtiles) character file.

Game seed: 5851404267698101377

19 Descartes the Gusty (level 2, 0/24 HPs)
             Began as a Deep Elf Wanderer on Feb 13, 2021.
             Slain by a scorpion (2 damage)
             ... on level 1 of the Dungeon.
             The game lasted 00:04:05 (1261 turns).

Descartes the Gusty (Deep Elf Wanderer)             Turns: 1261, Time: 00:04:06

Health: 0/24       AC: 21    Str: 11    XL:     2   Next: 55%
Magic:  1/5        EV:  2    Int: 22    God:
Gold:   52         SH:  0    Dex: 12    Spells: 2/3 levels left

rFire    . . .     SeeInvis .   b - +0 dagger
rCold    . . .     Faith    .   (no shield)
rNeg     + + +     Spirit   .   (armour currently unavailable)
rPois    +         Reflect  .   (helmet currently unavailable)
rElec    .         Harm     .   (cloak currently unavailable)
rCorr    .         Rampage  .   (gloves currently unavailable)
Will     .....     NoTele   +   (boots currently unavailable)
Stlth    ++........             (no amulet)
HPRegen  0.08/turn              j - +6 ring of intelligence
MPRegen  0.09/turn              (no ring)

@: lethally poisoned (0 -> -8), tree-form
A: no striking features
a: no special abilities


You were on level 1 of the Dungeon.
You were a tree.
You visited 1 branch of the dungeon, and saw 2 of its levels.

You collected 52 gold pieces.

Inventory:

Hand Weapons
 a - a +0 shortbow
 b - a +0 dagger (weapon)
Missiles
 c - 47 arrows
 k - 39 stones
Armour
 e - a +0 robe
 m - a +1 ring mail of poison resistance (melded)
Jewellery
 j - a +6 ring of intelligence (left branch)
Scrolls
 f - 2 scrolls of identify
 h - a scroll of noise {unknown}
 n - a scroll of amnesia {unknown}
 o - a scroll of immolation {unknown}
Potions
 g - a potion of resistance {unknown}
 l - 2 potions of berserk rage


   Skills:
 - Level 1.0 Fighting
 - Level 1.3 Bows
 - Level 1.0 Armour
 + Level 1.8 Stealth
 + Level 1.2 Spellcasting
 + Level 0.9 Conjurations
 - Level 1.1 Ice Magic
 + Level 4.1 Air Magic
 + Level 1.5 Evocations


You had 2 spell levels left.
You knew the following spells:

 Your Spells              Type           Power        Failure   Level
a - Shock                 Conj/Air       48%          5%          1

Your spell library contained the following spells:

 Spells                   Type           Power        Failure   Level
 Swiftness                Air            19%          4%          2
 Static Discharge         Conj/Air       12%          16%         3
 Airstrike                Air            9%           26%         4
 Lightning Bolt           Conj/Air       6%           82%         5


Dungeon Overview and Level Annotations

Branches:
Dungeon (2/15)

Altars:


Message History

The scorpion stings you but does no damage.
b - a +0 dagger (weapon)
You hit the scorpion but do no damage.
The scorpion is moderately wounded.
The scorpion stings you but does no damage.
You hit the scorpion but do no damage.
The scorpion is moderately wounded.
The scorpion stings you.
You are lethally poisoned!
The scorpion poisons you!
You hit the scorpion but do no damage.
The scorpion is moderately wounded.
* * * LOW HITPOINT WARNING * * *
You feel sick. The scorpion stings you.
* * * LOW HITPOINT WARNING * * *
You closely miss the scorpion.
The scorpion is moderately wounded.
* * * LOW HITPOINT WARNING * * *
You feel sick. The scorpion stings you.
You die...

#####.# ########## #.....## #####
#........# #.##...## ....#
#.######.# #.#.###.# ###.# #.#
#.####...# #.# #.#
#.######.##.....###.# #.#
#.##................#### #.#
#.##.###.##.#........... ##.#
#.....s♣.##.####..###### #..#
####.######.......# #.## #.#
#######.# #.# #.# ##'## #.# #.#
##...## #.# #.#### ##.....##
##.## #.##.######.......##
#...#########....)..##.........##
.....................'.........'.


You could see a scorpion.

Vanquished Creatures
  3 ball pythons (D:1)
  2 hobgoblins (D:1)
  3 bats (D:1)
  A frilled lizard (D:1)
  4 goblins (D:1)
  2 kobolds
  4 rats (D:1)
19 creatures vanquished.

Notes
Turn   | Place    | Note
-------+----------+-------------------------------------------
     0 | D:1      | Descartes the Deep Elf Wanderer began the quest for the
                  | Orb.
     0 | D:1      | Descartes set off with the following items: a +0 shortbow,
                  | 21 arrows, a potion of lignification, a +0 robe; and the
                  | following spell memorised: Shock; and the following spells
                  | available to memorise: Swiftness, Static Discharge,
                  | Airstrike, Lightning Bolt
     0 | D:1      | Reached XP level 1. HP: 12/12 MP: 3/3
   260 | D:1      | Reached XP level 2. HP: 3/16 MP: 0/5
   727 | D:1      | Reached skill level 1 in Spellcasting
  1244 | D:2      | Noticed a scorpion
  1261 | D:1      | Slain by a scorpion

Illustrated notes

Levels and vault maps discovered:
D:1:      mushboom_english_gardens, layout_loops_corners
D:2:      layout_loops_ring, grunt_dithmenos_smoke, hex_tiny

Skill      XL: |  1  2 |
---------------+-------+-----
Spellcasting   | 1 |  1.2
Fighting       | |  1.0
Bows           | |  1.3
Armour         | |  1.0
Stealth        | |  1.8
Conjurations   | |  0.9
Ice Magic      | |  1.1
Air Magic      | |  4.1
Evocations     | |  1.5

Action                   || total
-------------------------++-------
Melee: Dagger            ||    14
 Fire: Shortbow          ||     3
 Cast: Shock             ||    22
  Use: Potion            ||     2
       Scroll            ||     1
Armor: Skin              ||     3
       Ring mail         ||     1
Dodge: Dodged            ||     6
